 Dungeon Crawl Stone Soup version 0.19-a0-1932-g59670f6 (webtiles) character file.

47250 Ryco the Bludgeoner (level 14, -1/92 HPs)
             Began as a Gargoyle Berserker on Oct 25, 2016.
             Was a High Priest of Trog.
             Slain by a redback (7 damage)
             ... on level 1 of the Spider Nest.
             The game lasted 01:03:00 (7830 turns).

Ryco the Bludgeoner (Gargoyle Berserker)            Turns: 7830, Time: 01:03:02

Health: -1/92      AC: 34    Str: 30    XL:     14   Next: 41%
Magic:  15/15      EV:  9    Int: 10    God:    Trog [*****.]
Gold:   1168       SH:  0    Dex:  9    Spells: 0 memorised, 13 levels left

rFire  . . .     SeeInvis .     a - +1 great mace (crush)
rCold  + . .     Gourm    .     w - +0 plate armour {rC+}
rNeg   + . .     Faith    +     (shield currently unavailable)
rPois  ∞         Spirit   .     q - +0 helmet
rElec  +         Reflect  .     (no cloak)
rCorr  .         Harm     .     E - +1 pair of gloves {Str+3}
MR     +....                    (no boots)
Stlth  ..........               H - amulet of faith
                                g - ring of stealth
                                s - +3 ring of strength

@: confused, exhausted, flying, slowed, very slow
A: big wings, thin metallic scales 1, yellow scales 1, high mp 1, negative
energy resistance 1, electricity resistance, unbreathing, petrification
resistance, rot immunity, AC +9
a: Stop Flying, Berserk, Trog's Hand, Brothers in Arms, Burn Spellbooks,
Renounce Religion


You were on level 1 of the Spider Nest.
You worshipped Trog.
Trog was extremely pleased with you.
You were not hungry.

You visited 3 branches of the dungeon, and saw 19 of its levels.
You also visited: Ossuary and Bailey.

You collected 1168 gold pieces.

Inventory:

Hand Weapons
 a - a +1 great mace of crushing (weapon)
 Q - a +0 morningstar of pain
Missiles
 y - 106 bolts
Armour
 q - a +0 helmet (worn)
 w - a +0 plate armour of cold resistance (worn)
 E - a +1 pair of gloves of strength (worn)
 L - a +0 buckler
Jewellery
 g - a ring of stealth (right hand)
 s - a +3 ring of strength (left hand)
 H - an amulet of faith (around neck)
 N - an uncursed amulet of regeneration
Wands
 e - a wand of random effects (20/48)
 G - a wand of polymorph (8/24)
Scrolls
 f - a scroll of brand weapon {unknown}
 j - 2 scrolls of enchant weapon
 m - 4 scrolls of amnesia {unknown}
 n - 6 scrolls of remove curse
 o - 2 scrolls of fog
 r - a scroll of holy word {unknown}
 x - 11 scrolls of teleportation {unknown}
 z - 9 scrolls of immolation {unknown}
 A - 2 scrolls of enchant armour {unknown}
 K - 4 scrolls of blinking
 P - 2 scrolls of fear
Potions
 b - 3 potions of agility
 h - 3 potions of might
 i - a potion of invisibility
 k - a potion of heal wounds
 l - 2 potions of flight
 p - a potion of magic
 t - 5 potions of berserk rage
 v - 2 potions of curing
 F - a potion of lignification
 I - 3 potions of resistance
 J - a potion of cure mutation
 M - a potion of beneficial mutation {unknown}
 O - a potion of cancellation {unknown}
 R - 2 potions of haste {unknown}
 U - a potion of brilliance {unknown}
Books
 C - a book of Changes

   Spells                             Type                      Level
   a - Beastly Appendage              Transmutation                1
   b - Sticks to Snakes               Transmutation                2
   c - Spider Form                    Transmutation/Poison         3
   d - Ice Form                       Ice/Transmutation            4
   e - Blade Hands                    Transmutation                5
   Trog disapproves of the use of such an item.
Miscellaneous
 S - a fan of gales (inert)
 T - a lamp of fire (inert)
Comestibles
 c - 9 bread rations
 d - 6 fruits
 B - 5 meat rations
 D - a royal jelly


   Skills:
 + Level 12.9 Fighting
 - Level 16.4 Maces & Flails
 * Level 14.5 Armour
 - Level 1.5 Dodging
 + Level 0.3 Evocations


You had 13 spell levels left.
You didn't know any spells.

Dungeon Overview and Level Annotations

Branches:
Dungeon (11/15)              Lair (6/6) D:8          Spider (2/4) Lair:3
  Slime (0/5) Lair:6
 Temple: D:4-7        Swamp: Lair:2-4    Shoals: Lair:2-4       Orc: D:9-12

Altars:
Ashenzari
Cheibriados
Elyvilon
Gozag
Okawaru
Ru
Trog
Xom
The Shining One
Beogh
Jiyva

Shops:
D:10 (

Annotations:
D:4 yaymichael's ghost, amateur SpAs


Innate Abilities, Weirdness & Mutations

You are resistant to torment.
Your stone body is resilient. (AC +9)
You are immune to poison.
Your large and strong wings let you fly indefinitely.
You resist negative energy. (rN+)
You are resistant to electric shocks. (rElec)
You can survive without breathing.
You are immune to petrification.
You are immune to rotting.
You are partially covered in thin metallic scales. (AC +2)
You are partially covered in yellow scales. (AC +2)
You have an increased reservoir of magic. (+10% MP)


Message History

The redback misses you.
The tarantella bites you but does no damage.
The emperor scorpion stings you but does no damage.
The emperor scorpion claws you.
* * * LOW HITPOINT WARNING * * *
The emperor scorpion claws you but does no damage.
The redback barely misses you.
You miss the tarantella.
Your skin stops crawling.
You feel less resistant to hostile enchantments.
The tarantella bites you.
* * * LOW HITPOINT WARNING * * *
The jumping spider closely misses you. The jumping spider barely misses you.
The emperor scorpion stings you.
* * * LOW HITPOINT WARNING * * *
The emperor scorpion claws you!
* * * LOW HITPOINT WARNING * * *
The emperor scorpion claws you but does no damage.
The redback bites you!
You die...

. #..##...###.....#.#
#.##..s....##..#..#.###
....#....#....##..^...#
......#......#.#...#..##
..##..ss>..#...###..##.#
#.....s.##.#†s.##...#%#
...#..#s###..#^..^>...#
:...#....#..#..ss..†#†##
##...#.........s@..#^†.#
......#....?...s...##.##
.(....#^.#.....#..#####
...#.#..#..#.....#.###
...##........#.......##
##....##.....^.....#
###..##....#.....##
###........#.#.#
....##.#......#


You could see an emperor scorpion, an orb spider, a jumping spider, a tarantella
and a redback.

Vanquished Creatures
  Gastronok (Lair:3)
  3 emperor scorpions
  An entropy weaver (Spider:1)
  4 hydras
  A catoblepas (Lair:6)
  11 death yaks
  A deep troll shaman (Lair:6)
  The ghost of edsrzf the Magician, a novice DsEn of Gozag (Ossuary)
  2 orb spiders (Spider:1)
  A lindwurm (Lair:6)
  An orc knight (Bailey)
  5 elephants (Lair:6)
  2 wolf spiders (Spider:1)
  3 black mambas
  2 gargoyles (D:11)
  A torpor snail (Lair:4)
  3 spiny frogs
  2 rime drakes
  2 kobold demonologists (Bailey)
  2 demonic crawlers (Spider:1)
  2 komodo dragons
  2 polar bears (Lair:6)
  5 jumping spiders
  2 hornets (D:9)
  A troll (D:11)
  5 hippogriffs
  14 blink frogs
  5 dream sheep (Lair:6)
  8 redbacks (Spider:1)
  2 shadows (D:11)
  2 tarantellas (Spider:1)
  A wraith (D:11)
  19 yaks
  A wyvern (D:9)
  8 water moccasins
  10 orc warriors
  7 porcupines
  6 sky beasts
  4 black bears
  6 necrophages
  A phantom (D:5)
  6 ogres
  20 wolves
  13 crocodiles
  7 centaurs
  2 elf zombies (Ossuary)
  7 bullfrogs
  2 big kobolds (D:8)
  2 scorpions
  A howler monkey (D:11)
  3 wights (D:9)
  4 electric eels (Bailey)
  A centaur zombie (Ossuary)
  7 crimson imps
  A bullfrog zombie (D:11)
  3 hounds
  2 orc priests
  A human zombie (Ossuary)
  4 jellies
  3 iguanas
  Terence (D:2)
  An orc wizard (D:11)
  6 worker ants
  3 mummies (Ossuary)
  A worker ant zombie (D:6)
  Robin (D:2)
  7 adders
  8 gnolls (Bailey)
  2 shadow imps
  An ooze (D:7)
  3 adder zombies (Ossuary)
  A worm (D:9)
  A dart slug (D:1)
  6 leopard geckos
  39 orcs
  3 ball pythons
  9 bats
  6 giant cockroaches
  A gnoll zombie (Ossuary)
  27 goblins
  17 hobgoblins
  5 jackals
  2 quokkas (D:3)
  3 frilled lizards (D:3)
  3 goblin zombies (Ossuary)
  4 hobgoblin zombies (Ossuary)
  6 jackal zombies
  17 kobolds
  6 kobold zombies (Ossuary)
  3 orc zombies (Ossuary)
  2 quokka zombies (Ossuary)
  7 rats
  A fungus (Lair:6)
452 creatures vanquished.

Vanquished Creatures (others)
  A redback (Spider:1)
  17 fungi
  2 plants (Lair:6)
20 creatures vanquished.

Grand Total: 472 creatures vanquished

Notes
Turn   | Place    | Note
-------+----------+-------------------------------------------
     0 | D:1      | Ryco the Gargoyle Berserker began the quest for the Orb.
     0 | D:1      | Reached XP level 1. HP: 14/14 MP: 1/1
   108 | D:2      | Reached XP level 2. HP: 12/19 MP: 2/2
   120 | D:2      | Reached XP level 3. HP: 19/23 MP: 3/3
   182 | D:2      | Reached skill level 4 in Maces & Flails
   336 | D:4      | Noticed yaymichael's ghost (amateur SpAs)
   382 | D:3      | Reached ** piety under Trog
   408 | D:2      | Noticed Robin
   437 | D:3      | Reached XP level 4. HP: 28/29 MP: 4/4
   493 | D:2      | Killed Robin
   650 | D:2      | Noticed Terence
   660 | D:2      | Killed Terence
   660 | D:2      | Reached XP level 5. HP: 33/33 MP: 5/5
   689 | D:1      | Reached skill level 5 in Maces & Flails
   713 | D:1      | Reached *** piety under Trog
   944 | D:3      | Gained mutation: You are agile. (Dex +2) [potion of mutation]
   944 | D:3      | Gained mutation: You are frail. (-10% HP) [potion of mutation]
   944 | D:3      | Gained mutation: Scrolls take you a little longer to read. [potion of mutation]
   945 | D:3      | Lost mutation: You are agile. (Dex +2) [potion of cure mutation]
   945 | D:3      | Lost mutation: You are frail. (-10% HP) [potion of cure mutation]
   945 | D:3      | Lost mutation: Scrolls take you a little longer to read. [potion of cure mutation]
  1125 | D:5      | Entered Level 5 of the Dungeon
  1156 | D:5      | Reached XP level 6. HP: 35/38 MP: 6/6
  1165 | D:5      | Found a shimmering altar of Xom.
  1177 | D:5      | Reached skill level 6 in Maces & Flails
  1216 | D:5      | Found a sand-covered staircase.
  1254 | D:5      | Reached XP level 7. HP: 35/44 MP: 7/7
  1289 | Ossuary  | Entered an ossuary
  1362 | Ossuary  | Noticed edsrzf's ghost (novice DsEn)
  1371 | Ossuary  | Reached skill level 7 in Maces & Flails
  1389 | Ossuary  | Killed edsrzf's ghost
  1389 | Ossuary  | Reached skill level 5 in Fighting
  1389 | Ossuary  | Reached skill level 8 in Maces & Flails
  1389 | Ossuary  | Reached XP level 8. HP: 49/49 MP: 8/8
  1438 | Ossuary  | Reached **** piety under Trog
  1616 | D:5      | Reached skill level 9 in Maces & Flails
  1627 | D:5      | Found an iron altar of Okawaru.
  1627 | D:5      | Found a bloodstained altar of Trog.
  1926 | D:6      | Reached skill level 10 in Maces & Flails
  1926 | D:6      | Reached XP level 9. HP: 55/55 MP: 9/9
  2073 | D:6      | Found a shattered altar of Ashenzari.
  2076 | D:6      | Found a snail-covered altar of Cheibriados.
  2079 | D:6      | Found a sacrificial altar of Ru.
  2085 | D:6      | Found an opulent altar of Gozag.
  2335 | D:8      | Reached skill level 5 in Armour
  2419 | D:8      | Reached ***** piety under Trog
  2435 | D:9      | Found a glowing golden altar of the Shining One.
  2475 | D:9      | Reached skill level 11 in Maces & Flails
  2528 | D:9      | Noticed a hornet
  2536 | D:9      | Killed a hornet
  2537 | D:9      | Noticed a hornet
  2538 | D:9      | Killed a hornet
  2591 | D:10     | Entered Level 10 of the Dungeon
  2607 | D:10     | Reached XP level 10. HP: 57/63 MP: 10/10
  2621 | D:10     | Found Vuynucro's Weapon Boutique.
  2678 | D:10     | Found a flagged portal.
  2700 | Bailey   | Entered a bailey
  2791 | Bailey   | Found an iron altar of Okawaru.
  2791 | Bailey   | Noticed a kobold demonologist
  2791 | Bailey   | Noticed a kobold demonologist
  2810 | Bailey   | Killed a kobold demonologist
  2819 | Bailey   | Killed a kobold demonologist
  2910 | Bailey   | Noticed an orc knight
  2923 | Bailey   | Killed an orc knight
  2923 | Bailey   | Reached skill level 12 in Maces & Flails
  3331 | D:11     | Noticed a six-headed hydra
  3347 | D:10     | Killed a six-headed hydra
  3380 | D:11     | Reached XP level 11. HP: 66/69 MP: 11/11
  3392 | D:11     | Received a gift from Trog
  3565 | D:11     | Reached skill level 13 in Maces & Flails
  4680 | D:8      | Found a roughly hewn altar of Beogh.
  4721 | D:8      | Reached ****** piety under Trog
  4897 | D:8      | Found a staircase to the Lair.
  4901 | Lair:1   | Entered Level 1 of the Lair of Beasts
  5020 | Lair:3   | Reached skill level 10 in Armour
  5082 | Lair:2   | Reached skill level 10 in Fighting
  5123 | Lair:1   | Received a gift from Trog
  5138 | Lair:1   | Reached XP level 12. HP: 29/77 MP: 12/12
  5171 | Lair:1   | Reached skill level 14 in Maces & Flails
  5184 | Lair:1   | Got a translucent battleaxe {god gift}
  5185 | Lair:1   | Identified the +6 battleaxe of Zied {flame, rF+ MR+ Int-4} (Trog gifted it to you on level 1 of the Lair of Beasts)
  5404 | Lair:2   | Gained mutation: You are partially covered in thin metallic scales. (AC +2) [potion of mutation]
  5404 | Lair:2   | Gained mutation: You have an increased reservoir of magic. (+10% MP) [potion of mutation]
  5404 | Lair:2   | Gained mutation: You are partially covered in yellow scales. (AC +2) [potion of mutation]
  5559 | Lair:3   | Found a white marble altar of Elyvilon.
  5637 | Lair:3   | Found a hole to the Spider Nest.
  5730 | Lair:6   | Entered Level 6 of the Lair of Beasts
  5765 | Lair:5   | Noticed a death yak
  5766 | Lair:5   | Noticed a death yak
  5771 | Lair:5   | Noticed a death yak
  5793 | Lair:5   | Killed a death yak
  5799 | Lair:5   | HP: 4/118 [death yak (15)]
  5801 | Lair:5   | Killed a death yak
  5843 | Lair:5   | Noticed a death yak
  5844 | Lair:5   | Noticed a death yak
  5846 | Lair:5   | Noticed a death yak
  5864 | Lair:5   | Killed a death yak
  5867 | Lair:5   | Killed a death yak
  5877 | Lair:5   | Killed a death yak
  5901 | Lair:5   | Reached skill level 15 in Maces & Flails
  6007 | Lair:5   | Received a gift from Trog
  6059 | Lair:6   | Reached XP level 13. HP: 71/84 MP: 14/14
  6245 | Lair:6   | Found a viscous altar of Jiyva.
  6246 | Lair:6   | Found a staircase to the Slime Pits.
  6777 | Lair:6   | Reached skill level 16 in Maces & Flails
  7407 | Lair:3   | Noticed Gastronok
  7419 | Lair:3   | Killed Gastronok
  7419 | Lair:3   | Gained mutation: Your large and strong wings let you fly indefinitely. [Gargoyle growth]
  7419 | Lair:3   | Reached XP level 14. HP: 77/92 MP: 15/15
  7490 | Spider:1 | Entered Level 1 of the Spider Nest
  7490 | Spider:1 | Noticed an emperor scorpion
  7533 | Spider:1 | Killed an emperor scorpion
  7611 | Spider:2 | Noticed an emperor scorpion
  7630 | Spider:2 | Killed an emperor scorpion
  7662 | Spider:1 | Noticed an emperor scorpion
  7669 | Spider:1 | Received a gift from Trog
  7678 | Spider:1 | Killed an emperor scorpion
  7716 | Spider:1 | Noticed an entropy weaver
  7720 | Spider:1 | Killed an entropy weaver
  7773 | Spider:1 | Noticed an emperor scorpion
  7830 | Spider:1 | Slain by a redback

Vault maps used:
D:1:      minmay_arrival_five_plusses
D:2:      uniq_robin, uniq_terence
D:3:      minivault_25
D:4:      nrook_loot_triangle
D:5:      grunt_temple_overflow_bloody_war, xom_butterflies, enter_ossuary_3,
          first_bread
D:6:      grunt_temple_overflow_cloverleaf
D:7:      yredelemnul_forgotten_temple_becter, minmay_misc_feat_iff
D:8:      lair_0_dummy, special_room
D:9:      tso_altar, hangedman_pestilent_swarm
D:10:     serial_shops, shop_fountains, enter_bailey_3
D:11:     orc_0_dummy, nicolae_trove_entry_path_of_doom, basic_altar,
          minivault_25_ag
Lair:1:   grunt_megastairs_5
Lair:3:   spider_nest_entry_a, basic_altar, grunt_megastairs_4, uniq_gastronok
Lair:4:   swamp_mist_pool
Lair:5:   roderic_carrion_pond
Lair:6:   grunt_lair_end_beastmaster, slime_altar_1, serial_bayou_shore_a
Spider:2: spider_trap, uniq_kirke, uniq_arachne
Ossuary:  minmay_ossuary_two_tombs
Bailey:   bailey_axe_of_yendor_kennysheep, bailey

Skill      XL: |  1  2  3  4  5  6  7  8  9 10 11 12 13 14 |
---------------+-------------------------------------------+-----
Maces & Flails | 4 5 6 8 10 11 12 13 15 16 | 16.4
Fighting       | 4 5 7 8 10 11 12 | 12.9
Armour         | 3 4 6 8 10 12 13 14 | 14.5
Dodging        | |  1.5
Evocations     | |  0.3

Action                   |  1- 3 |  4- 6 |  7- 9 | 10-12 | 13-15 || total
-------------------------+-------+-------+-------+-------+-------++-------
Melee: Mace              |    62 |       |       |       |       ||    62
       Whip              |    59 |   138 |       |       |       ||   197
       Flail             |       |    60 |   377 |   215 |       ||   652
       Great mace        |       |       |       |   547 |   402 ||   949
Invok: Berserk           |     1 |     3 |     2 |     6 |     5 ||    17
       Trog's Hand       |       |     2 |     2 |    18 |    16 ||    38
       Burn Spellbooks   |       |       |       |     1 |       ||     1
 Abil: Fly               |       |       |       |       |     1 ||     1
Evoke: Wand              |       |       |       |     1 |       ||     1
       Fan of gales      |       |       |       |       |     1 ||     1
       Lamp of fire      |       |       |       |       |     1 ||     1
  Use: Scroll            |       |    10 |     3 |     8 |     1 ||    22
       Potion            |       |     2 |       |     4 |     5 ||    11
  Eat: Chunk             |       |     4 |     2 |     6 |       ||    12
       Beef jerky        |       |     1 |       |     7 |     5 ||    13
       Royal jelly       |       |       |     1 |     4 |     5 ||    10
       Bread ration      |       |       |     1 |       |       ||     1
       Pizza             |       |       |       |     1 |     1 ||     2
Armor: Animal skin       |     7 |       |       |       |       ||     7
       Leather armour    |    30 |       |       |       |       ||    30
       Plate armour      |    59 |   192 |   266 |   686 |   514 ||  1717
Dodge: Dodged            |    67 |    88 |   116 |   391 |   253 ||   915
